[Event "FIDE World Cup G12-A 2024"]
[Site "Batumi"]
[Date "2024.06.24"]
[Round "2.1"]
[White "Chichinadze, Anastasia"]
[Black "Qiu, Laurie"]
[Result "0-1"]
[ECO "C54"]
[WhiteElo "1724"]
[BlackElo "2068"]
[Annotator "NA RC"]
[PlyCount "84"]
[EventDate "2024.06.23"]
[EventType "swiss"]
[EventCountry "GEO"]
[SourceTitle "playchess.com"]
[Source "ChessBase"]
[SourceQuality "1"]
[TimeControl "5400+30"]

1. e4 e5 2. Nf3 Nc6 3. Bc4 Bc5 4. c3 Nf6 5. d3 d6 6. O-O h6 7. Nbd2 O-O 8. Re1 a5 9. a4 Be6 10. Bb3 Re8 11. Bc2 d5 12. Nb3 Bb6 13. exd5 Nxd5 14. d4 exd4 15. Qd3 (15. Nbxd4 $15 Nxd4 16. Nxd4) 15... Nf6 16. Nbxd4 $17 Nxd4 17. cxd4 Qd6 18. b3 Rad8 19. Ba3 Qd7 20. Bb2 c5 21. Rad1 cxd4 22. Bxd4 Bxd4 23. Qxd4 Qc7 24. Qb2 Rxd1 25. Bxd1 Rc8 26. Qe5 Qxe5 27. Rxe5 Rc1 28. Re1 Ne4 29. Kf1 Nc3 30. Be2 Rxe1+ 31. Kxe1 Nxe2 32. Kxe2 Bxb3 33. Nd4 Bxa4 34. Kd3 Bc6 35. g3 g6 36. Kc4 Kf8 37. Kb3 Ke7 38. Ne2 Kd6 39. Nf4 Ke5 40. Ne2 Ke4 41. Ng1 Kd3 42. f4 Ke3 0-1

[Event "FIDE World Cup G12-A 2024"]
[Site "Batumi"]
[Date "2024.06.24"]
[Round "2.2"]
[White "Lu, Xiahan (Luna)"]
[Black "Xikmatkhonova, Mokhinur"]
[Result "1/2-1/2"]
[ECO "B14"]
[WhiteElo "1859"]
[BlackElo "1706"]
[Annotator "NA RC"]
[PlyCount "127"]
[EventDate "2024.06.23"]
[EventType "swiss"]
[EventCountry "GEO"]
[SourceTitle "playchess.com"]
[Source "ChessBase"]
[SourceQuality "1"]
[TimeControl "5400+30"]

1. d4 Nf6 2. c4 e6 3. Nf3 d5 4. Nc3 Bb4 5. e3 O-O 6. Bd3 c5 7. a3 cxd4 8. exd4 Bxc3+ 9. bxc3 dxc4 10. Bxc4 Qc7 11. Qd3 Nbd7 {[%emt 0:02:37] B14: Caro-Kann: Panov-Botvinnik Attack with 5...e6 and 5...g6.} 12. O-O a6 13. Re1 b5 14. Bb3 Rd8 15. Qc2 Bb7 16. Ne5 Nxe5 17. dxe5 Ne4 18. c4 (18. Rxe4 $2 {too greedy.} Bxe4 19. Qb2 (19. Qxe4 $2 Qxc3 20. Rb1 Qxb3 $19) 19... Rd3 $19 (19... Qxe5 $2 20. Be3 $19)) 18... Qxe5 19. Bb2 (19. Be3 $17) 19... Qf4 20. Rad1 $19 (20. f3 {is a better defense.} Rac8 21. Rxe4 (21. fxe4 $2 {perishes.} Rd2 $19) 21... Bxe4 22. Qc3) 20... bxc4 21. Bxc4 Rd2 22. Rxd2 Qxd2 23. Qxd2 Nxd2 24. Ba2 Rd8 25. h3 h6 26. Rc1 Ne4 27. Rc2 Rd1+ 28. Kh2 Rd2 29. Rxd2 Nxd2 30. Bd4 Ne4 31. Bc4 g6 32. Bd3 Nd6 33. g4 Nb5 34. Bc5 e5 35. Bxb5 axb5 36. Kg3 f6 37. h4 h5 38. g5 fxg5 39. hxg5 Kf7 40. Be3 Ke6 41. Kh4 Kf5 42. Kg3 Ke4 43. Bc5 Kd5 44. Be3 Kc4 45. Kh4 Kc3 46. Bc5 Kd3 47. Kg3 Bd5 48. Bd6 Kd4 49. Be7 Ke4 50. Bc5 Kf5 51. Be3 Bc6 52. Kh4 Ke4 53. Kg3 Bd7 54. Bc5 Kd5 55. Bb4 Kd4 56. Be7 e4 57. Bf6+ Kd3 58. Be7 Kc4 59. Bd6 Bf5 60. Bb8 Kb3 61. Bd6 Kc4 62. Bb8 Kd3 63. Ba7 Kc4 64. Bb8 1/2-1/2

[Event "FIDE World Cup G12-A 2024"]
[Site "Batumi"]
[Date "2024.06.24"]
[Round "2.3"]
[White "Zavivaeva, Kristina"]
[Black "Kaminska, Zuzanna"]
[Result "1-0"]
[ECO "C55"]
[WhiteElo "1666"]
[BlackElo "1848"]
[Annotator "NA RC"]
[PlyCount "83"]
[EventDate "2024.06.23"]
[EventType "swiss"]
[EventCountry "GEO"]
[SourceTitle "playchess.com"]
[Source "ChessBase"]
[SourceQuality "1"]
[TimeControl "5400+30"]

1. e4 e5 2. Nf3 Nc6 3. Bc4 Nf6 4. d3 h6 5. c3 d6 6. Nbd2 g5 {[%emt 0:03:25] C55: Two Knights: 4 d3, 4 d4 exd4 5 e5 and Max Lange Attack.} 7. Bb3 Bg7 8. Nf1 d5 9. Qe2 Be6 10. Ng3 Qd7 11. exd5 Nxd5 12. Nh5 f6 13. d4 g4 14. Nh4 O-O-O 15. O-O Rhe8 16. dxe5 Nxe5 17. Qc2 Rg8 18. Bxd5 Bxd5 19. Bf4 Bc4 20. Rfd1 Bd3 21. Qb3 Qe8 $16 (21... Kb8 $11) 22. Ng3 Ng6 23. Nxg6 Qxg6 24. Qe6+ Kb8 25. Qe7 Rc8 26. Rd2 Rge8 27. Qd7 Be4 28. Rad1 a6 29. Nxe4 Qxe4 30. Be3 Qe7 31. Qxg4 Rcd8 32. Rd7 Qf8 33. Qg3 Rxd7 34. Rxd7 Qc5 35. Rxg7 Rd8 36. h3 Qc4 37. Kh2 h5 38. Rxc7 h4 39. Rxc4+ hxg3+ 40. fxg3 Rd1 41. Bb6 a5 42. Re4 1-0

[Event "FIDE World Cup G12-A 2024"]
[Site "Batumi"]
[Date "2024.06.24"]
[Round "2.4"]
[White "Mamakova, Aknur"]
[Black "Venskaya, Nika"]
[Result "1-0"]
[ECO "D91"]
[WhiteElo "1648"]
[BlackElo "1774"]
[Annotator "NA RC"]
[PlyCount "139"]
[EventDate "2024.06.23"]
[EventType "swiss"]
[EventCountry "GEO"]
[SourceTitle "playchess.com"]
[Source "ChessBase"]
[SourceQuality "1"]
[TimeControl "5400+30"]

1. d4 Nf6 2. c4 g6 3. Nc3 d5 4. Nf3 Bg7 5. Bg5 Ne4 6. Bf4 Nxc3 7. bxc3 c6 8. e3 O-O 9. h3 dxc4 10. Bxc4 b5 11. Bd3 Qb6 12. O-O Nd7 13. Qe2 Nf6 14. Bh2 Bd7 15. Ne5 a6 16. Rab1 Qa5 17. Rfc1 Rfc8 18. c4 Be8 19. c5 Nd7 20. Nxd7 Bxd7 21. Be4 f5 22. Bf3 Be6 23. Rc2 Qd8 24. Rd1 Bd5 25. e4 fxe4 26. Bxe4 e6 27. Bf3 Ra7 28. Bd6 Qf6 29. Rc3 Rf7 30. Ra3 Ra8 31. Re3 Bc4 32. Qe1 Rc8 33. Bg4 Re8 34. Bf3 Rc8 35. Bg4 Bxa2 36. Bxe6 Bxe6 37. Rxe6 Qf5 38. Rd2 h5 39. f3 a5 40. Re8+ Kh7 41. Re7 a4 42. Re3 Bh6 43. f4 Bg7 44. Rdd3 Ra8 45. Be5 Bh6 46. Qb4 Qd7 47. Rf3 Qd5 48. Ra3 Bf8 49. Qc3 Rb7 50. Qb4 Qe4 51. g4 Bg7 52. Rae3 Qd5 53. gxh5 gxh5 54. Qb1+ Kh8 55. Qf5 Qf7 56. Bxg7+ Kxg7 57. Rg3+ Kf8 58. Qe5 Qh7 59. Qf6+ Rf7 60. Qd6+ Re7 61. f5 Rae8 62. Rg6 a3 63. Rxa3 b4 64. Rag3 b3 65. Rxb3 Ra8 66. Re3 Ra1+ 67. Kf2 Ra2+ 68. Kf3 Ke8 69. Rxe7+ Qxe7 70. Rg8+ 1-0

[Event "FIDE World Cup G12-A 2024"]
[Site "Batumi"]
[Date "2024.06.24"]
[Round "2.5"]
[White "Wu, Yiting"]
[Black "Mirzaliyeva, Leyla"]
[Result "0-1"]
[ECO "B94"]
[WhiteElo "1758"]
[BlackElo "1548"]
[Annotator "NA RC"]
[PlyCount "58"]
[EventDate "2024.06.23"]
[EventType "swiss"]
[EventCountry "GEO"]
[SourceTitle "playchess.com"]
[Source "ChessBase"]
[SourceQuality "1"]
[TimeControl "5400+30"]

1. e4 c5 2. Nf3 d6 3. d4 cxd4 4. Nxd4 Nf6 5. Nc3 a6 6. Bg5 Nbd7 7. Bc4 Qb6 8. Bb3 e6 9. Bxf6 Nxf6 10. Qd2 g6 11. O-O-O Bg7 12. f4 O-O 13. Nf3 Bh6 14. g3 e5 15. Ng5 Bg4 16. Qxd6 Qe3+ 17. Qd2 Qc5 18. Rdf1 Rad8 19. Bxf7+ Kg7 20. Bd5 exf4 21. gxf4 b5 22. h3 Bc8 23. Qe2 Nh5 24. Qh2 Nxf4 25. h4 Qd6 26. Bb3 Nd3+ 27. cxd3 Bxg5+ 28. hxg5 Rxf1+ 29. Kc2 Qxd3# 0-1

[Event "FIDE World Cup G12-A 2024"]
[Site "Batumi"]
[Date "2024.06.24"]
[Round "2.6"]
[White "Muradova, Nebahat"]
[Black "Xue, Tianhao"]
[Result "0-1"]
[ECO "D93"]
[WhiteElo "1626"]
[BlackElo "1754"]
[Annotator "NA RC"]
[PlyCount "91"]
[EventDate "2024.06.23"]
[EventType "swiss"]
[EventCountry "GEO"]
[SourceTitle "playchess.com"]
[Source "ChessBase"]
[SourceQuality "1"]
[TimeControl "5400+30"]

1. d4 Nf6 2. c4 g6 3. Nc3 d5 4. Nf3 Bg7 5. Bf4 c5 6. e3 O-O 7. dxc5 Qa5 8. Qa4 Qxc5 9. Be2 Nc6 10. O-O dxc4 11. Qxc4 Qa5 12. a3 Be6 13. Qb5 Qxb5 14. Nxb5 Nd5 15. Bg3 Rac8 16. Nbd4 Nxd4 17. exd4 Rc2 18. Rfe1 Rxb2 19. Bc4 Rc8 20. Bxd5 Bxd5 21. Rac1 Rxc1 22. Rxc1 Bc6 23. Ne5 Bxe5 24. Bxe5 f6 25. d5 fxe5 26. dxc6 bxc6 27. g3 Rb6 28. Rc5 e4 29. Re5 Kf7 30. Rxe4 c5 31. Kf1 Rc6 32. Ke2 Re6 33. Kd3 Rxe4 34. Kxe4 Ke6 35. f4 Kd6 36. g4 e6 37. h4 h5 38. g5 a6 39. a4 a5 40. Ke3 Kd5 41. Kd3 c4+ 42. Kc3 Kc5 43. Kc2 Kb4 44. Kb2 Kxa4 45. Kc3 Kb5 46. Kd4 0-1

[Event "FIDE World Cup G12-A 2024"]
[Site "Batumi"]
[Date "2024.06.24"]
[Round "2.7"]
[White "Diaskyzy, Daliya"]
[Black "Sevastsyanchuk, Anastasiya"]
[Result "1/2-1/2"]
[ECO "B12"]
[WhiteElo "1793"]
[BlackElo "1531"]
[Annotator "NA RC"]
[PlyCount "72"]
[EventDate "2024.06.23"]
[EventType "swiss"]
[EventCountry "GEO"]
[SourceTitle "playchess.com"]
[Source "ChessBase"]
[SourceQuality "1"]
[TimeControl "5400+30"]

1. e4 c6 2. d4 d5 3. e5 Bf5 4. Nf3 e6 5. Be2 Ne7 6. O-O Bg6 7. c4 Nd7 8. Nc3 Nf5 9. cxd5 cxd5 10. h3 Rc8 11. a4 Bb4 12. Bd2 a5 13. Nb5 Bxd2 14. Qxd2 O-O 15. Rac1 Qb6 16. Kh1 Rc6 17. Rc3 Rfc8 18. g4 Ne7 19. Nd6 Rxc3 20. bxc3 Rb8 21. Bb5 Qc7 22. Qf4 Nc8 23. c4 Nxd6 24. exd6 Qd8 25. cxd5 exd5 26. Ne5 Nxe5 27. Qxe5 Qh4 28. Kg2 f5 29. Qxd5+ Kh8 30. f3 Rc8 31. Bc4 f4 32. Rf2 Bd3 33. Bxd3 Rc1 34. Rf1 Qg3+ 35. Kh1 Qxh3+ 36. Kg1 Qg3+ 1/2-1/2

[Event "FIDE World Cup G12-A 2024"]
[Site "Batumi"]
[Date "2024.06.24"]
[Round "2.8"]
[White "Wang, April"]
[Black "Zavivaeva, Angelina"]
[Result "1-0"]
[ECO "D61"]
[WhiteElo "1622"]
[BlackElo "1489"]
[Annotator "NA RC"]
[PlyCount "41"]
[EventDate "2024.06.23"]
[EventType "swiss"]
[EventCountry "GEO"]
[SourceTitle "playchess.com"]
[Source "ChessBase"]
[SourceQuality "1"]
[TimeControl "5400+30"]

1. d4 d5 2. c4 c6 3. Nc3 Nf6 4. Nf3 e6 5. Bg5 Be7 6. e3 O-O 7. Qc2 Nbd7 8. a3 dxc4 9. Bxc4 b5 10. Ba2 a5 11. Bb1 Bb7 12. Ne5 g6 13. Nxd7 Qxd7 14. Bxf6 Bxf6 15. Ne4 Bg7 16. h4 Qd5 17. h5 e5 18. hxg6 hxg6 19. Ba2 Qd8 20. Nc5 Bc8 21. Qxg6 1-0

[Event "FIDE World Cup G12-A 2024"]
[Site "Batumi"]
[Date "2024.06.24"]
[Round "2.9"]
[White "Potikha, Shelley"]
[Black "Ali, Maha"]
[Result "1-0"]
[ECO "B12"]
[WhiteElo "1464"]
[BlackElo "1601"]
[Annotator "NA RC"]
[PlyCount "53"]
[EventDate "2024.06.23"]
[EventType "swiss"]
[EventCountry "GEO"]
[SourceTitle "playchess.com"]
[Source "ChessBase"]
[SourceQuality "1"]
[TimeControl "5400+30"]

1. e4 c6 2. d4 d5 3. e5 Bf5 4. h4 h5 5. Bd3 Bxd3 6. Qxd3 e6 7. Bg5 Qa5+ 8. Nd2 Qa6 9. c4 Bb4 10. b3 Ne7 11. Ne2 Nd7 12. O-O Nf5 13. Ng3 Bxd2 14. Nxf5 exf5 15. Bxd2 dxc4 16. Qxf5 g6 17. Qe4 O-O-O 18. bxc4 Qxc4 19. Rfc1 Qe6 20. d5 Qxe5 21. Qf3 Qf5 22. dxc6 Ne5 23. cxb7+ Kd7 24. Qa3 Nd3 25. Qxa7 Rb8 26. Qd4+ Ke7 27. Re1+ 1-0

[Event "FIDE World Cup G12-A 2024"]
[Site "Batumi"]
[Date "2024.06.24"]
[Round "2.10"]
[White "Kutateladze, Anastasia"]
[Black "Lipartia, Nino"]
[Result "1-0"]
[ECO "B80"]
[WhiteElo "1598"]
[BlackElo "1437"]
[Annotator "NA RC"]
[PlyCount "127"]
[EventDate "2024.06.23"]
[EventType "swiss"]
[EventCountry "GEO"]
[SourceTitle "playchess.com"]
[Source "ChessBase"]
[SourceQuality "1"]
[TimeControl "5400+30"]

1. e4 c5 2. Nf3 Nc6 3. d4 cxd4 4. Nxd4 Nf6 5. Nc3 d6 6. f3 e6 7. Be3 Be7 8. Qd2 O-O 9. g4 Nxd4 10. Bxd4 e5 11. Be3 Be6 12. O-O-O a6 13. h4 b5 14. h5 Qa5 15. Kb1 Qc7 16. g5 Nd7 17. Bh3 b4 18. Nd5 Bxd5 19. Qxd5 Rab8 20. Bxd7 Qxd7 21. Qxe5 Rb5 22. Qd4 Bxg5 23. Bxg5 Rxg5 24. h6 Qe6 25. hxg7 Rc8 26. Rxh7 Kxh7 27. Rh1+ Kg6 28. f4 Qf6 29. Qxf6+ Kxf6 30. fxg5+ Kxg7 31. Rh6 Re8 32. Rxd6 Rxe4 33. a3 bxa3 34. bxa3 Re5 35. Rxa6 Rxg5 36. a4 Rg3 37. Kb2 f6 38. Rd6 Rg5 39. Kb3 Ra5 40. Kb4 Ra8 41. a5 Kg6 42. c4 Kf5 43. a6 Ke5 44. Rd5+ Ke6 45. Ka5 f5 46. Kb6 Rb8+ 47. Kc7 Rb4 48. Rd6+ Ke5 49. c5 Rc4 50. Kc6 Ra4 51. Kb7 Rc4 52. Rc6 Kd5 53. Rc8 Rxc5 54. Rxc5+ Kxc5 55. a7 Kd4 56. a8=Q f4 57. Qd8+ Ke3 58. Qe7+ Kf2 59. Qh4+ Kf3 60. Kc6 Ke3 61. Qe1+ Kf3 62. Qf1+ Kg3 63. Kd5 f3 64. Ke4 1-0

[Event "FIDE World Cup G12-A 2024"]
[Site "Batumi"]
[Date "2024.06.24"]
[Round "2.12"]
[White "Gulishyan, Eseniya"]
[Black "Giorgadze, Mariam"]
[Result "1-0"]
[ECO "D05"]
[WhiteElo "1434"]
[BlackElo "1533"]
[Annotator "NA RC"]
[PlyCount "91"]
[EventDate "2024.06.23"]
[EventType "swiss"]
[EventCountry "GEO"]
[SourceTitle "playchess.com"]
[Source "ChessBase"]
[SourceQuality "1"]
[TimeControl "5400+30"]

1. d4 Nf6 2. Nf3 d5 3. e3 e6 4. Bd3 Bd6 5. b3 O-O 6. O-O Nbd7 7. Bb2 Re8 8. Ne5 c5 9. Nd2 Qc7 10. f4 Nf8 11. Rf3 Ng6 12. Rh3 Qe7 13. Qf3 Bxe5 14. fxe5 Nd7 15. Qh5 Ndf8 16. Rf1 Qc7 17. c3 Qd8 18. Nf3 h6 19. g4 Nh7 20. Bxg6 fxg6 21. Qxg6 Kh8 22. g5 Rg8 23. Kh1 Qe7 24. gxh6 gxh6 25. Qxh6 Bd7 26. Qf6+ Qxf6 27. exf6 Raf8 28. Ne5 Bc6 29. Rff3 Rg5 30. Rh6 Rxe5 31. dxe5 d4 32. Kg2 dxe3 33. Rhh3 Bxf3+ 34. Kxf3 Rf7 35. Kxe3 Kg8 36. Ba3 b6 37. b4 cxb4 38. Bxb4 a5 39. Be7 b5 40. Kd4 a4 41. Kc5 Nf8 42. Rg3+ Kh7 43. Bxf8 Rxf8 44. Kd6 Re8 45. Kd7 Rf8 46. Ke7 1-0

[Event "FIDE World Cup G12-A 2024"]
[Site "Batumi"]
[Date "2024.06.25"]
[Round "3.1"]
[White "Qiu, Laurie"]
[Black "Zavivaeva, Kristina"]
[Result "1/2-1/2"]
[ECO "B13"]
[WhiteElo "2068"]
[BlackElo "1666"]
[Annotator "NA RC"]
[PlyCount "171"]
[EventDate "2024.06.23"]
[EventType "swiss"]
[EventCountry "GEO"]
[SourceTitle "playchess.com"]
[Source "ChessBase"]
[SourceQuality "1"]
[TimeControl "5400+30"]

1. e4 c6 2. d4 d5 3. exd5 cxd5 4. Nf3 Nf6 5. c3 Nc6 6. Bf4 g6 {[%emt 0:00:38] B13: Caro-Kann: Exchange Variation and Panov-Botvinnik Attack.} 7. h3 {[%emt 0:00:18] 7.Nbd2 is setting a new trend.} Bf5 8. Bd3 Bxd3 9. Qxd3 Bg7 10. Nbd2 O-O 11. O-O Qb6 12. Rab1 Rac8 13. Rfe1 e6 14. b4 $146 ({Predecessor:} 14. Ne5 Nxe5 15. Bxe5 a5 16. a4 Qc6 17. Qb5 Nd7 18. Bxg7 Kxg7 19. Qxc6 Rxc6 20. Ra1 {0-1 Mickiewicz,P (2235)-Gazik,V (2542) Titled Tuesday intern op 16th Feb blitz 2021 (2)}) 14... Ne7 15. Rec1 Nf5 16. a4 Nd6 17. Nb3 Nfe4 18. Nc5 Qc6 19. Bxd6 Nxd6 20. b5 Qc7 21. Nd2 Nf5 22. a5 e5 23. b6 axb6 24. axb6 Qc6 25. Rb4 e4 26. Qe2 (26. Qb5 $142) 26... Bh6 27. Re1 e3 28. Nf1 exf2+ 29. Qxf2 Rfe8 30. Rb2 $17 Rxe1 31. Qxe1 Bf8 32. Nd3 Qxc3 33. Qxc3 Rxc3 34. Nf4 Bg7 35. Ne2 Rd3 36. Rc2 Bxd4+ 37. Nxd4 Rxd4 38. Rc7 Nd6 39. Rd7 Nc4 40. Rxb7 Rd1 41. Kf2 Rb1 42. Rb8+ Kg7 43. b7 Nd6 44. Rd8 Ne4+ 45. Ke3 Rb3+ 46. Kf4 Rxb7 47. Rxd5 Nf6 48. Rd2 Rb5 49. Ne3 g5+ 50. Kf3 h5 51. Rd4 Kg6 52. Rd6 Kg7 53. g4 hxg4+ 54. hxg4 Re5 55. Nf5+ Kg6 56. Ra6 Rxf5+ 57. gxf5+ Kxf5 58. Ra5+ Kg6 59. Ra6 Kg7 60. Ke3 Ng4+ 61. Ke4 f6 62. Kf5 Nh6+ 63. Ke6 g4 64. Kd5 Kg6 65. Ke4 Kg5 66. Ra5+ f5+ 67. Ke3 Nf7 68. Rd5 Nh8 69. Kf2 Ng6 70. Ra5 Nf4 71. Rb5 Nh5 72. Ra5 Nf6 73. Rb5 Kf4 74. Kg2 Ne4 75. Ra5 Nd2 76. Ra4+ Ke3 77. Ra3+ Ke2 78. Kg3 Ne4+ 79. Kf4 g3 80. Ra2+ Kf1 81. Kf3 Kg1 82. Rg2+ Kh1 83. Ra2 f4 84. Kxe4 g2 85. Rxg2 Kxg2 86. Kxf4 1/2-1/2

[Event "FIDE World Cup G12-A 2024"]
[Site "Batumi"]
[Date "2024.06.25"]
[Round "3.2"]
[White "Xue, Tianhao"]
[Black "Mamakova, Aknur"]
[Result "1-0"]
[ECO "B76"]
[WhiteElo "1754"]
[BlackElo "1648"]
[Annotator "NA RC"]
[PlyCount "99"]
[EventDate "2024.06.23"]
[EventType "swiss"]
[EventCountry "GEO"]
[SourceTitle "playchess.com"]
[Source "ChessBase"]
[SourceQuality "1"]
[TimeControl "5400+30"]

1. e4 c5 2. Nf3 d6 3. d4 cxd4 4. Nxd4 Nf6 5. Nc3 g6 6. Be3 Bg7 7. f3 O-O 8. Qd2 Nc6 9. O-O-O d5 10. exd5 Nxd5 11. Nxc6 bxc6 12. Bd4 e5 13. Bc5 Re8 14. Ne4 Qc7 15. h4 f5 16. Nd6 Rd8 17. Nxc8 Raxc8 18. h5 Nb6 19. Bxb6 Rxd2 20. Bc4+ Kf8 21. Bxc7 Rxd1+ 22. Rxd1 Rxc7 23. hxg6 hxg6 24. Rd6 Bh6+ 25. Kb1 Kg7 26. c3 Bf4 27. Kc2 Kh6 28. b4 Kh5 29. a4 e4 30. Re6 exf3 31. gxf3 Bh2 32. Bd3 c5 33. b5 Bg1 34. Kb3 Rd7 35. Kc4 Bf2 36. a5 Rf7 37. a6 Kg5 38. b6 axb6 39. Rxb6 Ra7 40. Be2 Re7 41. Bd1 Rd7 42. Ba4 Ra7 43. Bc6 Kf4 44. Bb7 g5 45. Rf6 Bg1 46. Rf8 g4 47. fxg4 Kxg4 48. Ra8 Rxa8 49. Bxa8 Bh2 50. a7 1-0

[Event "FIDE World Cup G12-A 2024"]
[Site "Batumi"]
[Date "2024.06.25"]
[Round "3.3"]
[White "Mirzaliyeva, Leyla"]
[Black "Lu, Xiahan (Luna)"]
[Result "0-1"]
[ECO "C00"]
[WhiteElo "1548"]
[BlackElo "1859"]
[Annotator "NA RC"]
[PlyCount "90"]
[EventDate "2024.06.23"]
[EventType "swiss"]
[EventCountry "GEO"]
[SourceTitle "playchess.com"]
[Source "ChessBase"]
[SourceQuality "1"]
[TimeControl "5400+30"]

1. e4 e6 2. d3 d5 3. Nd2 Be7 4. Ngf3 Nf6 5. e5 Nfd7 6. c3 c5 7. Be2 Nc6 8. d4 O-O 9. O-O f6 10. exf6 Nxf6 11. Ne5 cxd4 12. Nxc6 bxc6 13. cxd4 c5 14. Nf3 Qc7 15. h3 cxd4 16. Nxd4 e5 17. Nb5 Qc6 18. Be3 d4 19. Rc1 Qd7 20. Rc7 Qd8 21. Bd2 a6 22. Ra7 Rb8 23. Nc7 Bc5 24. Nxa6 Bxa7 25. Nxb8 Qb6 26. Bc4+ Kh8 27. a3 Bxb8 28. b4 Bb7 29. b5 e4 30. Qe1 Qc7 31. g3 Qxc4 32. Qb1 e3 33. fxe3 dxe3 34. Qb4 Qxb4 35. Bxb4 e2 36. Re1 Ba7+ 37. Kh2 Re8 38. a4 Bf2 39. Rc1 e1=Q 40. Bxe1 Bxe1 41. Rc7 Bf3 42. b6 Re2+ 43. Kg1 Bxg3 44. Rc8+ Ng8 45. Rc1 Rh2 0-1

[Event "FIDE World Cup G12-A 2024"]
[Site "Batumi"]
[Date "2024.06.25"]
[Round "3.4"]
[White "Xikmatkhonova, Mokhinur"]
[Black "Wu, Yiting"]
[Result "1-0"]
[ECO "D00"]
[WhiteElo "1706"]
[BlackElo "1758"]
[Annotator "NA RC"]
[PlyCount "143"]
[EventDate "2024.06.23"]
[EventType "swiss"]
[EventCountry "GEO"]
[SourceTitle "playchess.com"]
[Source "ChessBase"]
[SourceQuality "1"]
[TimeControl "5400+30"]

1. d4 d5 2. Nc3 Nf6 3. Bf4 e6 4. Nb5 Bd6 5. Nxd6+ cxd6 6. Nf3 Nc6 7. e3 O-O 8. c3 Re8 9. Bb5 a6 10. Bxc6 bxc6 11. Qa4 Qc7 12. Qa3 e5 13. Bg3 Nd7 14. O-O c5 15. Rac1 Qb6 16. Rfd1 e4 17. Ne1 Nf6 18. Bh4 c4 19. Bxf6 gxf6 20. h3 Kh8 21. b3 Bb7 22. Qb2 a5 23. Rb1 Ba6 24. Qc2 Qc6 25. b4 a4 26. a3 Bb5 27. Qe2 Rg8 28. Qh5 Rg6 29. g3 Qb7 30. Ng2 Kg7 31. Nf4 Rg5 32. Qe2 Bd7 33. Nh5+ Kh8 34. Kg2 Qc8 35. Rh1 Qd8 36. b5 Rb8 37. Nf4 Qa5 38. Rb4 Rxb5 39. Rhb1 Rxb4 40. Rxb4 Qa8 41. Qb2 Rg8 42. Rb6 Bc6 43. Qb4 Rd8 44. Nh5 f5 45. Nf4 h6 46. Qb1 Kg7 47. Qd1 Rb8 48. Rxb8 Qxb8 49. Qh5 Qc8 50. Qh4 Qf8 51. Nh5+ Kh7 52. Qf6 Bd7 53. Nf4 Qg7 54. Qxd6 Be6 55. Nxe6 fxe6 56. Qxe6 Qb7 57. Qxf5+ Kg7 58. Qe5+ Kh7 59. g4 Qb3 60. Qxd5 Qxa3 61. Qxe4+ Kg7 62. Qe5+ Kh7 63. d5 Qc5 64. Qf5+ Kh8 65. Qf6+ Kh7 66. d6 a3 67. Qf7+ Kh8 68. d7 Qc6+ 69. f3 Qb6 70. Qe8+ Kg7 71. Qe7+ Kg6 72. d8=Q 1-0

[Event "FIDE World Cup G12-A 2024"]
[Site "Batumi"]
[Date "2024.06.25"]
[Round "3.5"]
[White "Kaminska, Zuzanna"]
[Black "Wang, April"]
[Result "1-0"]
[ECO "B11"]
[WhiteElo "1848"]
[BlackElo "1622"]
[Annotator "NA RC"]
[PlyCount "61"]
[EventDate "2024.06.23"]
[EventType "swiss"]
[EventCountry "GEO"]
[SourceTitle "playchess.com"]
[Source "ChessBase"]
[SourceQuality "1"]
[TimeControl "5400+30"]

1. e4 c6 2. Nc3 d5 3. Nf3 dxe4 4. Nxe4 Nf6 5. Qe2 Nxe4 6. Qxe4 Qa5 7. Ne5 Nd7 8. f4 Qd5 9. Bd3 Nc5 10. Qxd5 cxd5 11. Bb5+ Nd7 12. O-O a6 13. Ba4 b5 14. Bb3 Nxe5 15. Bxd5 Rb8 16. fxe5 e6 17. Bc6+ Ke7 18. d4 h6 19. Bd2 Rb6 20. Bb4+ Kd8 21. Ba5 Kc7 22. Be4 Bb7 23. Bxb6+ Kxb6 24. Bxb7 Kxb7 25. Rxf7+ Kc6 26. c3 Kd5 27. Raf1 Bc5 28. dxc5 Kxc5 29. Rxg7 Kd5 30. Re7 Rd8 31. Rd1+ 1-0

[Event "FIDE World Cup G12-A 2024"]
[Site "Batumi"]
[Date "2024.06.25"]
[Round "3.6"]
[White "Venskaya, Nika"]
[Black "Kutateladze, Anastasia"]
[Result "1-0"]
[ECO "D02"]
[WhiteElo "1774"]
[BlackElo "1598"]
[Annotator "NA RC"]
[PlyCount "98"]
[EventDate "2024.06.23"]
[EventType "swiss"]
[EventCountry "GEO"]
[SourceTitle "playchess.com"]
[Source "ChessBase"]
[SourceQuality "1"]
[TimeControl "5400+30"]

1. d4 Nf6 2. Nf3 e6 3. g3 d5 4. Bg2 Bd6 5. c4 O-O 6. O-O b6 7. cxd5 exd5 8. Nc3 Bb7 9. Bg5 h6 10. Bxf6 Qxf6 11. Rc1 Qe6 12. Nb5 c6 13. Nxd6 Qxd6 14. Ne5 Nd7 15. Nd3 Rfe8 16. e3 Rac8 17. Qa4 a5 18. Rfd1 Ba6 19. Bh3 Bb5 20. Qb3 Bc4 21. Qc3 Bxd3 22. Rxd3 Rc7 23. Qb3 Rb8 24. Rdc3 g6 25. Qc2 Rbc8 26. e4 dxe4 27. Qxe4 f5 28. Qe3 Kg7 29. Bg2 c5 30. dxc5 Rxc5 31. Re1 Ne5 32. Rxc5 Rxc5 33. Qb3 Qc7 34. h3 b5 35. Kh2 a4 36. Qe6 Nf7 37. Qe3 Kh7 38. Qd4 Qd6 39. Qh4 g5 40. Qh5 Qg6 41. Qf3 Qf6 42. Qb7 Kg6 43. Bd5 Ne5 44. Rxe5 Rc2 45. Re6 Rxf2+ 46. Kg1 Rxb2 47. Rxf6+ Kxf6 48. Qf7+ Ke5 49. Qg7+ Kxd5 1-0

[Event "FIDE World Cup G12-A 2024"]
[Site "Batumi"]
[Date "2024.06.25"]
[Round "3.7"]
[White "Kedelidze, Aneta"]
[Black "Chichinadze, Anastasia"]
[Result "0-1"]
[ECO "C78"]
[WhiteElo "1544"]
[BlackElo "1724"]
[Annotator "NA RC"]
[PlyCount "84"]
[EventDate "2024.06.23"]
[EventType "swiss"]
[EventCountry "GEO"]
[SourceTitle "playchess.com"]
[Source "ChessBase"]
[SourceQuality "1"]
[TimeControl "5400+30"]

1. e4 e5 2. Nf3 Nc6 3. Bb5 a6 4. Ba4 Nf6 5. d3 b5 6. Bb3 Bc5 7. c3 d6 8. O-O O-O 9. Bg5 Bb7 10. Nbd2 Bb6 11. a4 Nb8 12. Bc2 h6 13. Bxf6 Qxf6 14. b4 Nd7 15. Qb1 c6 16. Qb2 Rfd8 17. Ra2 Nf8 18. axb5 axb5 19. Rxa8 Rxa8 20. Nb3 Ne6 21. Bb1 Nf4 22. d4 Bc8 23. Ne1 exd4 24. cxd4 Bxd4 25. Nxd4 Qxd4 26. Qc2 Qc4 27. Qxc4 bxc4 28. Nc2 Ne2+ 29. Kh1 Nc3 30. Nd4 c5 31. bxc5 dxc5 32. Nf3 Rb8 33. Bc2 Rb2 34. Bd1 Nxe4 35. Kg1 c3 36. Re1 Bb7 37. Be2 Nd2 38. Nxd2 cxd2 39. Rd1 Bd5 40. f3 c4 41. Kf2 c3 42. Ke3 c2 0-1

[Event "FIDE World Cup G12-A 2024"]
[Site "Batumi"]
[Date "2024.06.25"]
[Round "3.8"]
[White "Potikha, Shelley"]
[Black "Muradova, Nebahat"]
[Result "0-1"]
[ECO "B40"]
[WhiteElo "1464"]
[BlackElo "1626"]
[Annotator "NA RC"]
[PlyCount "151"]
[EventDate "2024.06.23"]
[EventType "swiss"]
[EventCountry "GEO"]
[SourceTitle "playchess.com"]
[Source "ChessBase"]
[SourceQuality "1"]
[TimeControl "5400+30"]

1. e4 c5 2. Nf3 Nc6 3. d3 e6 4. g3 Nf6 5. Bg2 d5 6. e5 Nd7 7. Bf4 Be7 8. Nbd2 a6 9. a4 O-O 10. O-O Rb8 11. Re1 b5 12. axb5 axb5 13. h4 c4 14. d4 b4 15. c3 Bb7 16. Bg5 b3 17. Bxe7 Qxe7 18. h5 h6 19. g4 Ra8 20. Qe2 Nb6 21. Nf1 Rxa1 22. Rxa1 Ra8 23. Rxa8+ Bxa8 24. Qd2 Na4 25. Ng3 Nb8 26. Ne2 Nd7 27. Nf4 Ndb6 28. Nh3 Qb7 29. g5 Nxb2 30. Qxb2 Na4 31. Qa3 b2 32. Nd2 b1=Q+ 33. Nxb1 Qxb1+ 34. Kh2 Bc6 35. Qd6 Qb5 36. gxh6 gxh6 37. Qd8+ Kh7 38. Qf6 Be8 39. Qf3 Qb3 40. Qf6 Nxc3 41. Nf4 Qd1 42. Qe7 Qg4 43. Nh3 Qg8 44. Nf4 Nb5 45. Nxe6 c3 46. Nc7 Qg5 47. Qc5 Qxh5+ 48. Bh3 Nxc7 49. Qxc7 Qf3 50. Bg2 Qf4+ 51. Kh3 Qxd4 52. Kh2 Qh4+ 53. Kg1 Qa4 54. Qxc3 d4 55. Be4+ Kh8 56. Qh3 Qd1+ 57. Kg2 Qd2 58. Qc8 Qg5+ 59. Kf1 Qg8 60. Qc4 Qg4 61. Bd3 h5 62. Qa6 Qf4 63. Qc8 Qxe5 64. Qh3 Qg5 65. Qc8 Qe7 66. Qh3 h4 67. Qg4 Qf6 68. Qh5+ Kg8 69. Qg4+ Kf8 70. Qc8 Qg5 71. Qc7 Kg7 72. Qc8 Ba4 73. Qc4 Bd1 74. Qxd4+ Kg8 75. Bc4 Bf3 76. Qe3 0-1